 Dungeon Crawl Stone Soup version 0.24-a0-616-ge2a249a (webtiles) character file.

Game seed: 8665288711316834416, levelgen mode: deterministic

2521 JeffiDaFish the Protected (level 9, -9/60 HPs)
             Began as a Gargoyle Fighter on Sept 10, 2019.
             Mangled by a red devil
             ... wielding a +0 trident
             ... summoned by a deep elf mage
              (22 damage)
             ... on level 6 of the Dungeon on Sept 13, 2019.
             The game lasted 00:12:50 (5209 turns).

JeffiDaFish the Protected (Gargoyle Fighter)        Turns: 5209, Time: 00:12:53

Health: -9/60      AC: -1    Str: 23    XL:     9   Next: 54%
Magic:  9/9        EV:  6    Int:  9    God:
Gold:   244        SH: 12    Dex:  9    Spells: 8/8 levels left

rFire    + . .     SeeInvis .   a - +1 flail
rCold    + . .     Gourm    .   c - +0 shield
rNeg     + . .     Faith    .   p - +0 chain mail
rPois    ∞         Spirit   .   g - +1 hat
rElec    +         Reflect  +   (no cloak)
rCorr    .         Harm     .   (no gloves)
MR       .....                  (no boots)
Stlth    ..........             e - +2 amulet of reflection
HPRegen  0.20/turn              (no ring)
MPRegen  0.11/turn              (no ring)

@: corroded, lightly drained
A: cold resistance 1, fire resistance 1, negative energy resistance 1, screaming
1, electricity resistance, wild magic 1, unbreathing, petrification resistance,
rot immunity, AC +6
a: no special abilities


You were on level 6 of the Dungeon.
You were not hungry.

You visited 1 branch of the dungeon, and saw 6 of its levels.

You collected 244 gold pieces.

Inventory:

Hand Weapons
 a - a +1 flail (weapon)
Armour
 c - a +0 shield (worn)
 g - a +1 hat (worn)
 p - a +0 chain mail (worn)
Jewellery
 e - a +2 amulet of reflection (around neck)
 h - a cursed ring of stealth {unknown}
 l - an uncursed amulet of the gourmand
Wands
 i - a wand of disintegration (11)
Scrolls
 k - 2 scrolls of magic mapping
 m - 5 scrolls of identify
 n - 4 scrolls of remove curse
 o - 4 scrolls of amnesia
 r - a scroll of teleportation
Potions
 d - 2 potions of might
 j - a potion of mutation
 q - 3 potions of curing
Comestibles
 b - 5 chunks of flesh
 f - 10 rations


   Skills:
 * Level 8.6(8.3) Fighting
 + Level 5.4(5.1) Maces & Flails
 * Level 8.7(8.4) Armour
 + Level 6.5(6.1) Shields


You had 8 spell levels left.
You didn't know any spells.
Your spell library contained the following spells:

 Spells                   Type           Power        Failure   Level  Hunger
 Sandblast                Erth           #.....       100%        1    ##.....
 Passwall                 Tmut/Erth      #.......     100%        2    ###....
 Stone Arrow              Conj/Erth      #.....       100%        3    ####...
 Petrify                  Tmut/Erth      #.......     100%        4    #####..
 Lee's Rapid Deconstruct  Erth           #.........   100%        5    ######.


Dungeon Overview and Level Annotations

Branches:
Dungeon (6/15)
 Temple: D:4-7

Altars:
Sif Muna
Xom
Yredelemnul

Shops:
D:6 [


Innate Abilities, Weirdness & Mutations

You are resistant to torment.
Your stone body is resilient. (AC +6)
You are immune to poison.
You resist negative energy. (rN+)
You are resistant to electric shocks. (rElec)
You can survive without breathing.
You are immune to petrification.
You are immune to rotting.
Your flesh is cold resistant. (rC+)
Your flesh is heat resistant. (rF+)
You occasionally shout uncontrollably at your foes.
Your spells are a little harder to cast, but a little more powerful.


Message History

The deep elf mage is heavily wounded.
The deep elf mage gestures wildly while chanting.
The rust devil hits you. The rust devil corrodes you!
You feel better. You block the rust devil's attack.
The deep elf mage hits you with a +0 short sword.
The red devil hits you with a +0 trident.
You hit the deep elf mage but do no damage.
The deep elf mage is heavily wounded.
The rust devil hits you. The rust devil corrodes you!
The deep elf mage hits you with a +0 short sword.
You block the deep elf mage's attack. You block the rust devil's attack.
The red devil hits you with a +0 trident!
You hit the deep elf mage but do no damage.
The deep elf mage is heavily wounded.
The rust devil hits you! The rust devil corrodes you!
The deep elf mage hits you with a +0 short sword!
* * * LOW HITPOINT WARNING * * *
The red devil hops backward while attacking.
The red devil hits you from afar with a +0 trident!!
You die...

# # .... # #(#+++# ###8.# ##
#.#?..+ ....# . #.#...+ ....##
# #.#.4P+ ....#
############.#'4§######8..##.#
.............#.§@§§§§........#
..########...#.e§§§§§.÷..####
#.########...###########.#
#.##..<..................#
#.##.#####..###.#######..# #.#
#...# #.# #.....# #.# #..##
#.# #......# #.# #..# #.#
#...#..# . ###..# #.# #...#..#


You could see a rust devil, a deep elf mage and a red devil.

Vanquished Creatures
  Pikel (D:6)
  The ghost of SFR the Poker, a novice HuSk (D:5)
  Eustachio (D:6)
  A slave (D:6)
  A black bear (D:3)
  A sky beast (D:6)
  2 ice beasts
  A necrophage (D:6)
  2 ogres (D:4)
  A phantom (D:5)
  A bullfrog (D:6)
  A howler monkey (D:5)
  2 crimson imps
  A centaur skeleton (D:5)
  An orc priest (D:4)
  A hound (D:6)
  An iguana (D:4)
  Ijyb (D:5)
  4 orc wizards
  6 worker ants
  A hound skeleton (D:4)
  4 gnolls (D:5)
  6 adders
  A shadow imp (D:5)
  An ooze (D:6)
  A dart slug (D:3)
  4 leopard geckos
  10 orcs
  8 giant cockroaches
  6 goblins
  2 hobgoblins
  8 jackals
  10 kobolds
  6 quokkas
  5 bats
  2 frilled lizards
  A leopard gecko zombie (D:5)
  2 rats
109 creatures vanquished.

Vanquished Creatures (others)
  3 centaurs (D:6)
  4 toadstools (D:1)
7 creatures vanquished.

Grand Total: 116 creatures vanquished

Notes
Turn   | Place    | Note
-------+----------+-------------------------------------------
     0 | D:1      | JeffiDaFish the Gargoyle Fighter began the quest for the
                  | Orb.
     0 | D:1      | Reached XP level 1. HP: 14/14 MP: 1/1
    35 | D:1      | Upgraded the game from 0.24-a0-613-g1ff6aac to
                  | 0.24-a0-616-ge2a249a
   217 | D:1      | Reached XP level 2. HP: 5/19 MP: 2/2
   858 | D:1      | Found a sacrificial altar of Ru.
   862 | D:1      | Reached XP level 3. HP: 22/23 MP: 3/3
   863 | D:1      | Found a snail-covered altar of Cheibriados.
   863 | D:1      | Found a stormy altar of Qazlal.
   902 | D:1      | Found an ornate altar of the Wu Jian Council.
   902 | D:1      | Found a hide-covered altar of Uskayaw.
   902 | D:1      | Found a shimmering altar of Xom.
  2006 | D:2      | Found a faded altar of an unknown god.
  2268 | D:3      | Reached XP level 4. HP: 29/29 MP: 4/4
  2489 | D:3      | Gained mutation: Your flesh is heat resistant. (rF+)
                  | [potion of mutation]
  2489 | D:3      | Gained mutation: Your spells are a little harder to cast,
                  | but a little more powerful. [potion of mutation]
  2489 | D:3      | Gained mutation: You occasionally shout uncontrollably at
                  | your foes. [potion of mutation]
  2489 | D:3      | Gained mutation: Your flesh is cold resistant. (rC+)
                  | [potion of mutation]
  2589 | D:4      | Noticed a black bear
  2600 | D:3      | Killed a black bear
  2600 | D:3      | Reached XP level 5. HP: 27/34 MP: 5/5
  2762 | D:4      | Reached skill level 5 in Armour
  2762 | D:4      | Reached XP level 6. HP: 36/40 MP: 6/6
  2780 | D:4      | Reached skill level 5 in Fighting
  3641 | D:4      | Reached XP level 7. HP: 44/44 MP: 7/7
  3843 | D:5      | Entered Level 5 of the Dungeon
  3902 | D:5      | Noticed Ijyb
  3976 | D:5      | Found a shimmering blue altar of Sif Muna.
  3978 | D:5      | Found a basalt altar of Yredelemnul.
  4128 | D:5      | Killed Ijyb
  4254 | D:5      | Reached skill level 5 in Shields
  4258 | D:5      | Reached XP level 8. HP: 52/52 MP: 8/8
  4365 | D:5      | Found a runed translucent door.
  4365 | D:5      | Noticed SFR's ghost (novice HuSk)
  4416 | D:5      | Killed SFR's ghost
  4662 | D:6      | Noticed Pikel
  4677 | D:6      | Killed Pikel
  4677 | D:6      | Reached skill level 5 in Maces & Flails
  4677 | D:6      | Reached XP level 9. HP: 46/59 MP: 9/9
  4914 | D:6      | Noticed Eustachio
  4974 | D:6      | Killed Eustachio
  5071 | D:6      | Found Ufuipyi's Antique Armour Boutique.
  5195 | D:6      | Noticed a deep elf mage
  5202 | D:6      | Noticed a rust devil
  5207 | D:6      | Noticed a red devil
  5209 | D:6      | Mangled by a red devil

Levels and vault maps discovered:
D:1:      ldierk_walled_garden_2, layout_basic, doesnt_xom_only_xom
D:2:      layout_basic, chequers_ecumenical_altar_lobes
D:3:      layout_basic
D:4:      layout_loops_ring, first_ration
D:5:      layout_rooms, chequers_temple_overflow_statue_of_worship,
          ebering_ghost_inner_flame, uniq_ijyb
D:6:      nicolae_whirlpool, layout_loops_ring, lemuel_doored_altar,
          kennysheep_vampire_church, serial_shops, nicolae_shop_trees,
          kb_lookout_dungeons_type, guppyfry_early_elven_hall, uniq_pikel,
          uniq_grinder, uniq_eustachio

Skill      XL: |  1  2  3  4  5  6  7  8  9 |
---------------+----------------------------+-----
Armour         | 4 5 6 8 |  8.7
Fighting       | 4 5 6 7 8 |  8.6
Shields        | 4 5 6 |  6.5
Maces & Flails | 3 4 5 |  5.4

Action                   |  1- 3 |  4- 6 |  7- 9 || total
-------------------------+-------+-------+-------++-------
Melee: Flail             |   183 |   128 |   364 ||   675
Evoke: Wand              |       |     6 |     1 ||     7
  Use: Scroll            |     6 |     2 |     2 ||    10
       Potion            |     4 |     2 |     2 ||     8
  Eat: Chunk             |     5 |     4 |     6 ||    15
Armor: Scale mail        |   100 |    63 |     7 ||   170
       Chain mail        |       |       |   189 ||   189
Dodge: Dodged            |    55 |    37 |    68 ||   160
Block: Shield            |   116 |    78 |   217 ||   411
       Reflection        |     2 |       |    13 ||    15

Table legend:
 A = Non-vault XP
 B = Vault XP
 C = Vault XP percentage of total XP
 D = Non-vault monster count
 E = Vault monster count
 F = Vault count percentage of total count
                 A         B        C        D         E       F
            +---------+---------+-------+---------+---------+-------
      Total |    1935 |    1667 |  46.3 |     103 |       8 |   7.2
            +---------+---------+-------+---------+---------+-------
        D:1 |      41 |       0 |   0.0 |      22 |       0 |   0.0
        D:2 |      10 |       0 |   0.0 |       7 |       0 |   0.0
        D:3 |     164 |       0 |   0.0 |      14 |       0 |   0.0
        D:4 |     553 |       0 |   0.0 |      27 |       0 |   0.0
        D:5 |     550 |     535 |  49.3 |      19 |       3 |  13.6
        D:6 |     617 |    1132 |  64.7 |      14 |       5 |  26.3
            +---------+---------+-------+---------+---------+-------
